Canucks vs Blues (R1)

Created - 30 octobre 2012 at 21:25

Simulating a Pre-Season

Goals
1 2 3 T
Canucks 0 2 1 3
Blues 3 0 2 5
Shots
1 2 3 T
Canucks 1 13 6 20
Blues 14 7 11 32

1st period

1. Blues , Tomas Plekanec 1 (Paul Kariya) at 6:15
2. Blues , Paul Kariya 1 (Teemu Selanne, Travis Zajac) at 15:34
3. Blues , R.J. Umberger 2 (Dan Boyle) at 19:37

Penalties :
Dan Boyle (STL) for High sticking (Minor) at 6:01, Jaromir Jagr (Van) for Interference (Minor) at 6:01, Evgeny Artyukhin (STL) for Roughing (Minor) at 17:23

2nd period

4. Canucks , Chris Higgins 1 (David Jones, Derian Hatcher) at 3:02 (PP)
5. Canucks , Clarke MacArthur 1 (Mark Streit) at 5:05

Penalties :
Henrik Zetterberg (STL) for Fighting (Major) at 1:46, Jaromir Jagr (Van) for Fighting (Major) at 1:46, Bryce Lampman (STL) for Roughing (Minor) at 2:00, Robert Bortuzzo (Van) for Hooking (Minor) at 11:59, Joe Callahan (Van) for Tripping (Minor) at 15:10

3rd period

6. Canucks , Mark Streit 2 (Clarke MacArthur, Jaromir Jagr) at 0:14
7. Blues , Teemu Selanne 2 (Travis Zajac) at 8:25 (PP)
8. Blues , Stephane Robidas 1 (Henrik Zetterberg, Jamie Langenbrunner) at 10:28

Penalties :
Clarke MacArthur (Van) for Holding (Minor) at 0:25, Sheldon Keefe (Van) for High sticking (Minor) at 3:53, Robert Bortuzzo (Van) for Slashing (Minor) at 8:09, Paul Kariya (STL) for Tripping (Minor) at 15:53, Robert Bortuzzo (Van) for Hooking (Minor) at 15:53

Goalie Stats

Carey Price (Van), 27 saves from 32 shots - (0,844), L, 1-1-0, 60:00 minutes
Tim Thomas (STL), 17 saves from 20 shots - (0,850), W, 1-0-0, 60:00 minutes

Players Stats for Canucks

Player Name              G  A  P  +/- PIM S  H  SB GA TA FO     MP     PP MP  PK MP  
------------------------------------------------------------------------------------
Chris Higgins            1  0  1   0  0   5  0  0  1  0  0/0    16:46   1:15   1:42 
Clarke MacArthur         1  1  2   1  2   5  1  1  0  0  3/5    22:12   1:46   3:31 
David Jones              0  1  1   0  0   0  1  0  0  0  0/0    18:31   1:15   2:00 
Derian Hatcher           0  1  1   1  0   1  1  2  1  0  0/0    27:20   1:55   4:39 
Janne Niskala            0  0  0  -3  0   0  1  1  1  0  0/0    11:52   0:00   0:31 
Jaromir Jagr             0  1  1   1  7   0  2  2  2  0  7/13   23:11   1:02   4:23 
Joe Callahan             0  0  0   0  2   0  2  1  0  1  0/0    19:39   1:06   1:54 
Kurtis Foster            0  0  0   0  0   0  1  2  0  1  0/0    20:48   1:06   3:02 
Marco Sturm              0  0  0  -3  0   0  2  1  0  0  0/0    12:42   0:00   0:40 
Mark Streit              1  1  2   1  0   2  4  0  1  1  0/0    27:20   1:55   4:39 
Masi Marjamaki           0  0  0   0  0   0  1  0  0  0  0/0     6:01   0:00   0:00 
Matt Stajan              0  0  0   2  0   3  3  1  0  0  11/28  19:13   1:46   2:41 
Rickard Wallin           0  0  0   0  0   2  0  0  0  0  5/6    14:39   1:15   0:00 
Robert Bortuzzo          0  0  0  -3  6   0  1  0  0  1  0/0    12:53   0:00   1:08 
Robert Klinkhammer       0  0  0   0  0   0  0  0  0  0  0/0     0:00   0:00   0:00 
Ryan Craig               0  0  0  -3  0   1  2  0  0  1  4/9    14:02   0:00   1:58 
Sheldon Keefe            0  0  0  -3  2   1  2  0  1  0  2/2    14:32   0:44   0:00 
Vince Rocco              0  0  0   0  0   0  0  0  0  0  1/3     6:01   0:00   0:00 

Players Stats for Blues

Player Name              G  A  P  +/- PIM S  H  SB GA TA FO     MP     PP MP  PK MP  
------------------------------------------------------------------------------------
Bryce Lampman            0  0  0   1  2   1  0  2  1  2  0/0    18:49   0:00   0:47 
Dan Boyle                0  1  1   0  2   2  2  2  1  0  0/0    25:56   4:21   2:14 
Éric Belanger            0  0  0   0  0   0  1  1  1  0  4/8    11:24   0:00   1:56 
Evgeny Artyukhin         0  0  0   2  2   1  1  1  0  1  0/1     9:51   0:00   0:00 
Henrik Zetterberg        0  1  1   0  5   4  3  0  0  0  0/2    15:45   3:47   0:26 
Jamie Langenbrunner      0  1  1   0  0   2  1  1  1  0  1/1    16:26   3:47   1:56 
Matthew Lombardi         0  0  0   2  0   1  2  0  0  1  3/8    11:31   0:00   0:39 
Niklas Kronwall          0  0  0   1  0   2  0  0  0  0  0/0    15:55   3:51   0:00 
Paul Kariya              1  1  2   0  2   5  0  0  0  0  1/2    19:40   4:25   0:00 
R.J. Umberger            1  0  1   2  0   1  2  0  0  0  1/2    12:44   0:00   0:00 
Stephane Robidas         1  0  1   1  0   1  0  4  1  2  0/0    22:01   3:51   0:00 
Steve McCarthy           0  0  0   2  0   0  1  1  0  1  0/0    15:08   0:00   2:14 
Teemu Selanne            1  1  2  -1  0   3  2  0  0  0  3/3    18:43   4:25   0:26 
Tobias Enstrom           0  0  0  -1  0   1  1  2  0  0  0/0    23:05   4:21   0:47 
Tomas Plekanec           1  0  1   1  0   3  3  1  0  0  4/9    16:54   3:47   0:00 
Travis Zajac             0  2  2  -1  0   2  0  0  0  0  16/30  19:37   4:25   0:00 
Vaclav Varada            0  0  0   0  0   2  0  0  0  0  0/0     9:42   0:00   0:39 
Ville Peltonen           0  0  0   0  0   1  0  0  0  0  0/0     9:45   0:00   0:00 

3 Stars

1 - Mark Streit (Van)
2 - R.J. Umberger (STL)
3 - Tomas Plekanec (STL)

Power Play

Canucks - 1 on 2 Attempt(s) - 50,00%
Blues - 1 on 5 Attempt(s) - 20,00%

Penalty Kill

Canucks - 4 on 5 Attempt(s) - 80,00% - Score 0 goal in Penalty Kill
Blues - 1 on 2 Attempt(s) - 50,00% - Score 0 goal in Penalty Kill

Official

Referees : Joannette Marc and VanMassenhoven Don
Linesman : Thor Nelson

Game Notes

Henrik Zetterberg and Jaromir Jagr fight to a draw at 1:46 of 2nd period

Canucks

5 vs 5 Forward 
   Center                   Left Wing                Right Wing               Time % Phy DF OF 
 1 Matt Stajan              Clarke MacArthur         Jaromir Jagr             40     1   2  2  
 2 Rickard Wallin           Chris Higgins            David Jones              30     1   2  2  
 3 Ryan Craig               Marco Sturm              Sheldon Keefe            20     1   2  2  
 4 Vince Rocco              Masi Marjamaki           Jaromir Jagr             10     1   2  2  

5 vs 5 Defense 
   Defense                  Defense                                           Time % Phy DF OF 
 1 Mark Streit              Derian Hatcher                                    40     1   2  2  
 2 Kurtis Foster            Joe Callahan                                      30     1   2  2  
 3 Janne Niskala            Robert Bortuzzo                                   20     1   2  2  
 4 Mark Streit              Derian Hatcher                                    10     1   2  2  

PowerPlay Forward 
   Center                   Left Wing                Right Wing               Time % Phy DF OF 
 1 Matt Stajan              Clarke MacArthur         Jaromir Jagr             60     1   2  2  
 2 Rickard Wallin           Chris Higgins            David Jones              40     1   2  2  

PowerPlay Defense
   Defense                  Defense                                           Time % Phy DF OF 
 1 Mark Streit              Derian Hatcher                                    60     1   2  2  
 2 Kurtis Foster            Joe Callahan                                      40     1   2  2  

Penalty Kill 4 Players Forward 
   Center                   Wing                     Time % Phy DF OF 
 1 Jaromir Jagr             Clarke MacArthur         60     1   2  2  
 2 Matt Stajan              David Jones              40     1   2  2  

Penalty Kill 4 Players Defense
   Defense                  Defense                  Time % Phy DF OF 
 1 Mark Streit              Derian Hatcher           60     1   2  2  
 2 Kurtis Foster            Joe Callahan             40     1   2  2  

Penalty Kill - 3 Players Forward 
   Forward                                           Time % Phy DF OF 
 1 Jaromir Jagr                                      60     1   2  2  
 2 Clarke MacArthur                                  40     1   2  2  

Penalty Kill - 3 Players Defense
   Defense                  Defense                  Time % Phy DF OF 
 1 Mark Streit              Derian Hatcher           60     1   2  2  
 2 Kurtis Foster            Joe Callahan             40     1   2  2  

4 vs 4 Forward 
   Center                   Wing                     Time % Phy DF OF 
 1 Jaromir Jagr             Clarke MacArthur         60     1   2  2  
 2 Matt Stajan              David Jones              40     1   2  2  

4 vs 4 Defense
   Defense                  Defense                  Time % Phy DF OF 
 1 Mark Streit              Derian Hatcher           60     1   2  2  
 2 Kurtis Foster            Joe Callahan             40     1   2  2  

Last Minutes Offensive
   Center                   Left Wing                Right Wing               Defense                  Defense                  
   Matt Stajan              Clarke MacArthur         Jaromir Jagr             Mark Streit              Derian Hatcher           

Last Minutes Defensive
   Center                   Left Wing                Right Wing               Defense                  Defense                  
   Matt Stajan              Clarke MacArthur         Jaromir Jagr             Mark Streit              Derian Hatcher           

Goaltenders
Starting : Carey Price              
Backup : Mike McKenna             

Extra Forwards
Normal : Sheldon Keefe, Marco Sturm, Ryan Craig - PP : Sheldon Keefe, Marco Sturm - PK : Ryan Craig
Extra Defensemen
Normal : Janne Niskala, Robert Bortuzzo, Kurtis Foster - PP : Janne Niskala - PK : Robert Bortuzzo, Kurtis Foster
Penalty Shots
Jaromir Jagr, Clarke MacArthur, Matt Stajan, David Jones, Sheldon Keefe

Blues

5 vs 5 Forward 
   Center                   Left Wing                Right Wing               Time % Phy DF OF 
 1 Travis Zajac             Paul Kariya              Teemu Selanne            40     1   2  2  
 2 Tomas Plekanec           Henrik Zetterberg        Jamie Langenbrunner      30     1   2  2  
 3 Matthew Lombardi         R.J. Umberger            Evgeny Artyukhin         20     1   2  2  
 4 Éric Belanger            Ville Peltonen           Vaclav Varada            10     1   2  2  

5 vs 5 Defense 
   Defense                  Defense                                           Time % Phy DF OF 
 1 Dan Boyle                Tobias Enstrom                                    40     1   2  2  
 2 Bryce Lampman            Stephane Robidas                                  30     1   2  2  
 3 Steve McCarthy           Niklas Kronwall                                   20     1   2  2  
 4 Bryce Lampman            Steve McCarthy                                    10     1   2  2  

PowerPlay Forward 
   Center                   Left Wing                Right Wing               Time % Phy DF OF 
 1 Travis Zajac             Paul Kariya              Teemu Selanne            55     1   2  2  
 2 Tomas Plekanec           Henrik Zetterberg        Jamie Langenbrunner      45     1   2  2  

PowerPlay Defense
   Defense                  Defense                                           Time % Phy DF OF 
 1 Tobias Enstrom           Dan Boyle                                         60     1   2  2  
 2 Stephane Robidas         Niklas Kronwall                                   40     1   2  2  

Penalty Kill 4 Players Forward 
   Center                   Wing                     Time % Phy DF OF 
 1 Éric Belanger            Jamie Langenbrunner      60     1   2  2  
 2 Matthew Lombardi         Vaclav Varada            40     1   2  2  

Penalty Kill 4 Players Defense
   Defense                  Defense                  Time % Phy DF OF 
 1 Steve McCarthy           Dan Boyle                60     1   2  2  
 2 Bryce Lampman            Tobias Enstrom           40     1   2  2  

Penalty Kill - 3 Players Forward 
   Forward                                           Time % Phy DF OF 
 1 Éric Belanger                                     60     1   2  2  
 2 Matthew Lombardi                                  40     1   2  2  

Penalty Kill - 3 Players Defense
   Defense                  Defense                  Time % Phy DF OF 
 1 Dan Boyle                Bryce Lampman            60     1   2  2  
 2 Steve McCarthy           Tobias Enstrom           40     1   2  2  

4 vs 4 Forward 
   Center                   Wing                     Time % Phy DF OF 
 1 Tomas Plekanec           Paul Kariya              60     1   2  2  
 2 Travis Zajac             Henrik Zetterberg        40     1   2  2  

4 vs 4 Defense
   Defense                  Defense                  Time % Phy DF OF 
 1 Dan Boyle                Stephane Robidas         60     1   2  2  
 2 Tobias Enstrom           Bryce Lampman            40     1   2  2  

Last Minutes Offensive
   Center                   Left Wing                Right Wing               Defense                  Defense                  
   Travis Zajac             Paul Kariya              Teemu Selanne            Dan Boyle                Tobias Enstrom           

Last Minutes Defensive
   Center                   Left Wing                Right Wing               Defense                  Defense                  
   Éric Belanger            Paul Kariya              Teemu Selanne            Bryce Lampman            Steve McCarthy           

Goaltenders
Starting : Tim Thomas               
Backup : Tuukka Rask              

Extra Forwards
Normal : R.J. Umberger, Matthew Lombardi, Ville Peltonen - PP : Matthew Lombardi, Evgeny Artyukhin - PK : Teemu Selanne
Extra Defensemen
Normal : Stephane Robidas, Steve McCarthy, Dan Boyle - PP : Bryce Lampman - PK : Tobias Enstrom, Niklas Kronwall
Penalty Shots
Teemu Selanne, Paul Kariya, Travis Zajac, Henrik Zetterberg, Jamie Langenbrunner

% Time on Ice - Canucks

Lines # - Real PCT - Wanted PCT - Time Play
Normal Forward
1 - 35% - 40% - 15:46
2 - 30% - 30% - 13:24
3 - 21% - 20% - 9:38
4 - 13% - 10% - 6:01
Normal Defense
1 - 39% - 40% - 17:17
2 - 35% - 30% - 15:40
3 - 25% - 20% - 11:05
4 - 2% - 10% - 0:47
PP Forward
1 - 59% - 60% - 1:46
2 - 41% - 40% - 1:15
PP Defense
1 - 64% - 60% - 1:55
2 - 36% - 40% - 1:06
PK Forward
1 - 82% - 60% - 6:43
2 - 18% - 40% - 1:29
PK Defense
1 - 57% - 60% - 4:39
2 - 43% - 40% - 3:33
PK3 Forward
1 - 0% - 60%
2 - 0% - 40%
PK3 Defense
1 - 0% - 60%
2 - 0% - 40%
44 Forward
1 - 92% - 60% - 3:38
2 - 8% - 40% - 0:20
44 Defense
1 - 75% - 60% - 2:58
2 - 25% - 40% - 1:00
Last Minute Offensive  - 0:00
Last Minute Defensive  - 0:00
Total
Forward - 60:00
Defense - 60:00

% Time on Ice - Blues

Lines # - Real PCT - Wanted PCT - Time Play
Normal Forward
1 - 32% - 40% - 14:19
2 - 26% - 30% - 11:37
3 - 22% - 20% - 9:50
4 - 20% - 10% - 9:03
Normal Defense
1 - 41% - 40% - 18:10
2 - 32% - 30% - 14:18
3 - 21% - 20% - 9:22
4 - 7% - 10% - 2:59
PP Forward
1 - 54% - 55% - 4:25
2 - 46% - 45% - 3:47
PP Defense
1 - 53% - 60% - 4:21
2 - 47% - 40% - 3:51
PK Forward
1 - 78% - 60% - 2:22
2 - 22% - 40% - 0:39
PK Defense
1 - 74% - 60% - 2:14
2 - 26% - 40% - 0:47
PK3 Forward
1 - 0% - 60%
2 - 0% - 40%
PK3 Defense
1 - 0% - 60%
2 - 0% - 40%
44 Forward
1 - 84% - 60% - 3:19
2 - 16% - 40% - 0:39
44 Defense
1 - 75% - 60% - 2:59
2 - 25% - 40% - 0:59
Last Minute Offensive  - 0:00
Last Minute Defensive  - 0:00
Total
Forward - 60:00
Defense - 60:00

Play by Play

1st period


0:01 of 1st period - Travis Zajac wins face-off versus Matt Stajan in neutral zone.
1:45 of 1st period - Snap shot by Éric Belanger.
1:45 of 1st period - Shot Blocked by Kurtis Foster.
2:05 of 1st period - Snap shot by David Jones.
2:05 of 1st period - Shot Misses the Net.
3:19 of 1st period - Wrist shot by Rickard Wallin.
3:19 of 1st period - Shot Blocked by Stephane Robidas.
3:36 of 1st period - Éric Belanger is hit by Kurtis Foster and loses puck.
3:59 of 1st period - Slapshot by Kurtis Foster.
3:59 of 1st period - Shot Misses the Net.
4:27 of 1st period - Slapshot by Rickard Wallin.
4:27 of 1st period - Stopped by Tim Thomas with a rebound.
4:35 of 1st period - Backhand shot by Bryce Lampman.
4:35 of 1st period - Shot Misses the Net.
4:37 of 1st period - Snap shot by Ville Peltonen.
4:37 of 1st period - Stopped by Carey Price with a rebound.
4:39 of 1st period - Wrist shot by Vaclav Varada.
4:39 of 1st period - Stopped by Carey Price with a rebound.
4:41 of 1st period - Slapshot by Bryce Lampman.
4:41 of 1st period - Stopped by Carey Price without a rebound.
4:42 of 1st period - Travis Zajac wins face-off versus Matt Stajan in Canucks zone.
4:47 of 1st period - Slapshot by Teemu Selanne.
4:47 of 1st period - Stopped by Carey Price without a rebound.
4:48 of 1st period - Travis Zajac wins face-off versus Matt Stajan in Canucks zone.
5:17 of 1st period - Snap shot by Tobias Enstrom.
5:17 of 1st period - Stopped by Carey Price without a rebound.
5:18 of 1st period - Matthew Lombardi wins face-off versus Ryan Craig in Canucks zone.
5:29 of 1st period - Snap shot by Sheldon Keefe.
5:29 of 1st period - Shot Blocked by Evgeny Artyukhin.
6:01 of 1st period - Minor Penalty to Dan Boyle for High sticking.
6:01 of 1st period - Minor Penalty to Jaromir Jagr for Interference.
6:02 of 1st period - Sheldon Keefe wins face-off versus Tomas Plekanec in Canucks zone.
6:11 of 1st period - Snap shot by Paul Kariya.
6:11 of 1st period - Stopped by Carey Price without a rebound.
6:12 of 1st period - Paul Kariya wins face-off versus Clarke MacArthur in Canucks zone.
6:13 of 1st period - Snap shot by Tomas Plekanec.
6:13 of 1st period - Shot Misses the Net.
6:15 of 1st period - Wrist shot by Tomas Plekanec.
6:15 of 1st period - Goal by Tomas Plekanec - Canucks : 0 - Blues : 1.
6:16 of 1st period - Sheldon Keefe wins face-off versus Tomas Plekanec in neutral zone.
6:44 of 1st period - Henrik Zetterberg is hit by Mark Streit and loses puck.
7:05 of 1st period - Tomas Plekanec is hit by Ryan Craig and loses puck.
7:20 of 1st period - Niklas Kronwall is hit by Ryan Craig and loses puck.
8:01 of 1st period - Penalty to Dan Boyle is over, Dan Boyle is back on ice.
8:01 of 1st period - Penalty to Jaromir Jagr is over, Jaromir Jagr is back on ice.
8:34 of 1st period - Snap shot by Dan Boyle.
8:34 of 1st period - Shot Blocked by Derian Hatcher.
8:36 of 1st period - Snap shot by Henrik Zetterberg.
8:36 of 1st period - Shot Misses the Net.
8:38 of 1st period - Snap shot by Dan Boyle.
8:38 of 1st period - Shot Blocked by Jaromir Jagr.
8:54 of 1st period - Wrist shot by Dan Boyle.
8:54 of 1st period - Shot Misses the Net.
8:56 of 1st period - Snap shot by Travis Zajac.
8:56 of 1st period - Stopped by Carey Price without a rebound.
8:57 of 1st period - Matt Stajan wins face-off versus Evgeny Artyukhin in Canucks zone.
9:34 of 1st period - Steve McCarthy is hit by Janne Niskala and loses puck.
10:16 of 1st period - Clarke MacArthur is hit by Teemu Selanne.
10:23 of 1st period - Icing by Teemu Selanne.
10:24 of 1st period - Matthew Lombardi wins face-off versus Rickard Wallin in Blues zone.
10:29 of 1st period - David Jones is hit by Tobias Enstrom.
11:03 of 1st period - Mark Streit is hit by Dan Boyle and loses puck.
11:32 of 1st period - Ryan Craig is hit by Steve McCarthy and loses puck.
12:13 of 1st period - Teemu Selanne is hit by Robert Bortuzzo and loses puck.
12:44 of 1st period - Derian Hatcher is hit by Henrik Zetterberg and loses puck.
13:44 of 1st period - Off-side.
13:45 of 1st period - Tomas Plekanec wins face-off versus Vince Rocco in neutral zone.
13:54 of 1st period - Janne Niskala is hit by Tomas Plekanec and loses puck.
14:37 of 1st period - Backhand shot by Mark Streit.
14:37 of 1st period - Shot Misses the Net.
14:43 of 1st period - Mark Streit is hit by R.J. Umberger and loses puck.
15:02 of 1st period - Wrist shot by Marco Sturm.
15:02 of 1st period - Shot Misses the Net.
15:14 of 1st period - Wrist shot by Kurtis Foster.
15:14 of 1st period - Shot Misses the Net.
15:22 of 1st period - Snap shot by Jamie Langenbrunner.
15:22 of 1st period - Stopped by Carey Price with a rebound.
15:24 of 1st period - Slapshot by Henrik Zetterberg.
15:24 of 1st period - Deflect By Joe Callahan.
15:24 of 1st period - Stopped by Carey Price without a rebound.
15:25 of 1st period - Travis Zajac wins face-off versus Ryan Craig in Canucks zone.
15:34 of 1st period - Slapshot by Paul Kariya.
15:34 of 1st period - Goal by Paul Kariya - Canucks : 0 - Blues : 2.
15:35 of 1st period - Matt Stajan wins face-off versus Travis Zajac in neutral zone.
16:06 of 1st period - Slapshot by Mark Streit.
16:06 of 1st period - Shot Blocked by Dan Boyle.
16:08 of 1st period - Slapshot by Mark Streit.
16:08 of 1st period - Shot Blocked by Tomas Plekanec.
16:10 of 1st period - Slapshot by Sheldon Keefe.
16:10 of 1st period - Shot Misses the Net.
16:12 of 1st period - Slapshot by Derian Hatcher.
16:12 of 1st period - Shot Misses the Net.
16:39 of 1st period - Icing by Matthew Lombardi.
16:40 of 1st period - Matthew Lombardi wins face-off versus Vince Rocco in Blues zone.
16:45 of 1st period - Slapshot by Dan Boyle.
16:45 of 1st period - Shot Blocked by Kurtis Foster.
17:11 of 1st period - Snap shot by Evgeny Artyukhin.
17:11 of 1st period - Deflect By Kurtis Foster.
17:11 of 1st period - Shot Blocked by Joe Callahan.
17:11 of 1st period - Puck is out of play.
17:12 of 1st period - Ryan Craig wins face-off versus Matthew Lombardi in Canucks zone.
17:12 of 1st period - Ryan Craig is hit by Evgeny Artyukhin.
17:18 of 1st period - Slapshot by Matthew Lombardi.
17:18 of 1st period - Stopped by Carey Price with a rebound.
17:20 of 1st period - Slapshot by Niklas Kronwall.
17:20 of 1st period - Stopped by Carey Price with a rebound.
17:22 of 1st period - Snap shot by Evgeny Artyukhin.
17:22 of 1st period - Shot Misses the Net.
17:23 of 1st period - Minor Penalty to Evgeny Artyukhin for Roughing.
17:24 of 1st period - Matt Stajan wins face-off versus Éric Belanger in Blues zone.
17:25 of 1st period - Wrist shot by Clarke MacArthur.
17:25 of 1st period - Shot Misses the Net.
17:56 of 1st period - Icing by Joe Callahan.
17:57 of 1st period - Rickard Wallin wins face-off versus Éric Belanger in Canucks zone.
18:02 of 1st period - Jamie Langenbrunner is hit by Joe Callahan and loses puck.
18:31 of 1st period - Jaromir Jagr is hit by Matthew Lombardi and loses puck.
19:23 of 1st period - Penalty to Evgeny Artyukhin is over, Evgeny Artyukhin is back on ice.
19:27 of 1st period - Icing by Dan Boyle.
19:28 of 1st period - R.J. Umberger wins face-off versus Ryan Craig in Blues zone.
19:37 of 1st period - Wrist shot by R.J. Umberger.
19:37 of 1st period - Goal by R.J. Umberger - Canucks : 0 - Blues : 3.
19:38 of 1st period - Matt Stajan wins face-off versus Travis Zajac in neutral zone.
19:48 of 1st period - Tobias Enstrom is hit by Mark Streit and loses puck.

2nd period


0:01 of 2nd period - Travis Zajac wins face-off versus Matt Stajan in neutral zone.
0:12 of 2nd period - Slapshot by Paul Kariya.
0:12 of 2nd period - Stopped by Carey Price with a rebound.
0:14 of 2nd period - Wrist shot by Paul Kariya.
0:14 of 2nd period - Stopped by Carey Price with a rebound.
0:16 of 2nd period - Snap shot by Travis Zajac.
0:16 of 2nd period - Shot Misses the Net.
0:55 of 2nd period - Snap shot by Chris Higgins.
0:55 of 2nd period - Stopped by Tim Thomas with a rebound.
0:57 of 2nd period - Wrist shot by Chris Higgins.
0:57 of 2nd period - Stopped by Tim Thomas with a rebound.
0:59 of 2nd period - Slapshot by Derian Hatcher.
0:59 of 2nd period - Deflect By Chris Higgins.
0:59 of 2nd period - Shot Misses the Net.
0:59 of 2nd period - Puck is out of play.
1:00 of 2nd period - Teemu Selanne wins face-off versus Matt Stajan in Blues zone.
1:22 of 2nd period - Icing by Matt Stajan.
1:23 of 2nd period - Tomas Plekanec wins face-off versus Matt Stajan in Canucks zone.
1:46 of 2nd period - Henrik Zetterberg and Jaromir Jagr fight to a draw.
1:46 of 2nd period - Penalty to Henrik Zetterberg for Fighting.
1:46 of 2nd period - Penalty to Jaromir Jagr for Fighting.
1:47 of 2nd period - Travis Zajac wins face-off versus Matt Stajan in Blues zone.
2:00 of 2nd period - Slapshot by Matt Stajan.
2:00 of 2nd period - Stopped by Tim Thomas without a rebound.
2:00 of 2nd period - Minor Penalty to Bryce Lampman for Roughing.
2:01 of 2nd period - Jamie Langenbrunner wins face-off versus Matt Stajan in Blues zone.
2:11 of 2nd period - Icing by Mark Streit.
2:12 of 2nd period - Éric Belanger wins face-off versus Matt Stajan in Canucks zone.
2:19 of 2nd period - Wrist shot by Matt Stajan.
2:19 of 2nd period - Shot Blocked by Steve McCarthy.
2:21 of 2nd period - Wrist shot by Matt Stajan.
2:21 of 2nd period - Stopped by Tim Thomas with a rebound.
2:23 of 2nd period - Snap shot by Sheldon Keefe.
2:23 of 2nd period - Shot Misses the Net.
2:25 of 2nd period - Slapshot by Clarke MacArthur.
2:25 of 2nd period - Stopped by Tim Thomas with a rebound.
2:27 of 2nd period - Slapshot by Mark Streit.
2:27 of 2nd period - Stopped by Tim Thomas with a rebound.
2:29 of 2nd period - Slapshot by Mark Streit.
2:29 of 2nd period - Deflect By Clarke MacArthur.
2:29 of 2nd period - Shot Blocked by Éric Belanger.
2:29 of 2nd period - Puck is out of play.
2:30 of 2nd period - Clarke MacArthur wins face-off versus Éric Belanger in Blues zone.
2:41 of 2nd period - Wrist shot by Clarke MacArthur.
2:41 of 2nd period - Stopped by Tim Thomas with a rebound.
2:50 of 2nd period - Off-side.
2:51 of 2nd period - Rickard Wallin wins face-off versus Matthew Lombardi in neutral zone.
3:02 of 2nd period - Slapshot by Chris Higgins.
3:02 of 2nd period - Goal by Chris Higgins - Canucks : 1 - Blues : 3.
3:03 of 2nd period - Travis Zajac wins face-off versus Matt Stajan in neutral zone.
3:19 of 2nd period - Wrist shot by Teemu Selanne.
3:19 of 2nd period - Shot Hit the Post.
4:11 of 2nd period - Vince Rocco is hit by Éric Belanger and loses puck.
4:30 of 2nd period - Snap shot by Matt Stajan.
4:30 of 2nd period - Deflect By Clarke MacArthur.
4:30 of 2nd period - Shot Misses the Net.
4:30 of 2nd period - Puck is out of play.
4:31 of 2nd period - Travis Zajac wins face-off versus Matt Stajan in Blues zone.
4:42 of 2nd period - Wrist shot by Teemu Selanne.
4:42 of 2nd period - Shot Misses the Net.
4:44 of 2nd period - Slapshot by Dan Boyle.
4:44 of 2nd period - Stopped by Carey Price without a rebound.
4:45 of 2nd period - Matt Stajan wins face-off versus Travis Zajac in Canucks zone.
4:51 of 2nd period - Off-side.
4:52 of 2nd period - Travis Zajac wins face-off versus Matt Stajan in neutral zone.
5:05 of 2nd period - Snap shot by Clarke MacArthur.
5:05 of 2nd period - Goal by Clarke MacArthur - Canucks : 2 - Blues : 3.
5:06 of 2nd period - Matt Stajan wins face-off versus Travis Zajac in neutral zone.
5:11 of 2nd period - Slapshot by Matt Stajan.
5:11 of 2nd period - Shot Misses the Net.
5:21 of 2nd period - Snap shot by Travis Zajac.
5:21 of 2nd period - Stopped by Carey Price without a rebound.
5:22 of 2nd period - Ryan Craig wins face-off versus Tomas Plekanec in Canucks zone.
5:47 of 2nd period - Stephane Robidas is hit by Matt Stajan and loses puck.
6:14 of 2nd period - Snap shot by Matthew Lombardi.
6:14 of 2nd period - Shot Blocked by Matt Stajan.
6:16 of 2nd period - Snap shot by Evgeny Artyukhin.
6:16 of 2nd period - Stopped by Carey Price without a rebound.
6:17 of 2nd period - Ryan Craig wins face-off versus Travis Zajac in Canucks zone.
6:22 of 2nd period - Slapshot by Teemu Selanne.
6:22 of 2nd period - Shot Misses the Net.
6:44 of 2nd period - Wrist shot by Jamie Langenbrunner.
6:44 of 2nd period - Shot Misses the Net.
6:46 of 2nd period - Slapshot by Niklas Kronwall.
6:46 of 2nd period - Shot Misses the Net.
7:08 of 2nd period - Wrist shot by Clarke MacArthur.
7:08 of 2nd period - Stopped by Tim Thomas without a rebound.
7:09 of 2nd period - Matt Stajan wins face-off versus Travis Zajac in Blues zone.
7:11 of 2nd period - Icing by Bryce Lampman.
7:12 of 2nd period - Clarke MacArthur wins face-off versus Travis Zajac in Blues zone.
7:13 of 2nd period - Snap shot by Jaromir Jagr.
7:13 of 2nd period - Shot Blocked by Bryce Lampman.
7:15 of 2nd period - Slapshot by Mark Streit.
7:15 of 2nd period - Shot Blocked by Bryce Lampman.
7:17 of 2nd period - Slapshot by Derian Hatcher.
7:17 of 2nd period - Stopped by Tim Thomas with a rebound.
7:19 of 2nd period - Slapshot by Derian Hatcher.
7:19 of 2nd period - Shot Blocked by Stephane Robidas.
7:39 of 2nd period - Wrist shot by Tomas Plekanec.
7:39 of 2nd period - Stopped by Carey Price without a rebound.
7:40 of 2nd period - Ryan Craig wins face-off versus Tomas Plekanec in Canucks zone.
7:51 of 2nd period - Snap shot by Sheldon Keefe.
7:51 of 2nd period - Stopped by Tim Thomas without a rebound.
7:52 of 2nd period - Travis Zajac wins face-off versus Matt Stajan in Blues zone.
8:17 of 2nd period - Marco Sturm is hit by Henrik Zetterberg and loses puck.
8:25 of 2nd period - Off-side.
8:26 of 2nd period - Matt Stajan wins face-off versus Travis Zajac in neutral zone.
8:31 of 2nd period - Paul Kariya is hit by Joe Callahan and loses puck.
9:02 of 2nd period - Snap shot by Henrik Zetterberg.
9:02 of 2nd period - Shot Misses the Net.
9:04 of 2nd period - Slapshot by Bryce Lampman.
9:04 of 2nd period - Shot Blocked by Marco Sturm.
10:47 of 2nd period - Wrist shot by David Jones.
10:47 of 2nd period - Shot Misses the Net.
10:57 of 2nd period - Slapshot by Kurtis Foster.
10:57 of 2nd period - Shot Blocked by Tobias Enstrom.
10:59 of 2nd period - Snap shot by Chris Higgins.
10:59 of 2nd period - Stopped by Tim Thomas without a rebound.
11:00 of 2nd period - Éric Belanger wins face-off versus Matt Stajan in Blues zone.
11:17 of 2nd period - Wrist shot by Éric Belanger.
11:17 of 2nd period - Shot Blocked by Derian Hatcher.
11:53 of 2nd period - Jaromir Jagr is hit by Henrik Zetterberg and loses puck.
11:59 of 2nd period - Minor Penalty to Robert Bortuzzo for Hooking.
12:00 of 2nd period - Travis Zajac wins face-off versus Jaromir Jagr in Canucks zone.
12:25 of 2nd period - Clarke MacArthur is hit by Tomas Plekanec and loses puck.
13:59 of 2nd period - Penalty to Robert Bortuzzo is over, Robert Bortuzzo is back on ice.
14:24 of 2nd period - Dan Boyle is hit by Jaromir Jagr and loses puck.
14:45 of 2nd period - Vaclav Varada is hit by Marco Sturm and loses puck.
14:58 of 2nd period - Snap shot by Mark Streit.
14:58 of 2nd period - Shot Blocked by Stephane Robidas.
15:10 of 2nd period - Minor Penalty to Joe Callahan for Tripping.
15:11 of 2nd period - Teemu Selanne wins face-off versus Jaromir Jagr in Canucks zone.
15:24 of 2nd period - Snap shot by Teemu Selanne.
15:24 of 2nd period - Shot Blocked by Clarke MacArthur.
15:26 of 2nd period - Wrist shot by Travis Zajac.
15:26 of 2nd period - Deflect By Paul Kariya.
15:26 of 2nd period - Shot Misses the Net.
15:26 of 2nd period - Puck is out of play.
15:27 of 2nd period - Jaromir Jagr wins face-off versus Henrik Zetterberg in Canucks zone.
15:40 of 2nd period - Snap shot by Jamie Langenbrunner.
15:40 of 2nd period - Deflect By Henrik Zetterberg.
15:40 of 2nd period - Shot Blocked by Jaromir Jagr.
15:40 of 2nd period - Puck is out of play.
15:41 of 2nd period - Jaromir Jagr wins face-off versus Paul Kariya in Canucks zone.
15:41 of 2nd period - Jaromir Jagr is hit by Dan Boyle.
16:14 of 2nd period - Snap shot by Dan Boyle.
16:14 of 2nd period - Deflect By Matt Stajan.
16:14 of 2nd period - Stopped by Carey Price with a rebound.
17:10 of 2nd period - Penalty to Joe Callahan is over, Joe Callahan is back on ice.
17:47 of 2nd period - Kurtis Foster is hit by R.J. Umberger and loses puck.
19:20 of 2nd period - Jamie Langenbrunner is hit by Sheldon Keefe and loses puck.

3rd period


0:01 of 3rd period - Matt Stajan wins face-off versus Travis Zajac in neutral zone.
0:14 of 3rd period - Wrist shot by Mark Streit.
0:14 of 3rd period - Deflect By Teemu Selanne.
0:14 of 3rd period - Goal by Mark Streit - Canucks : 3 - Blues : 3.
0:15 of 3rd period - Travis Zajac wins face-off versus Matt Stajan in neutral zone.
0:19 of 3rd period - Tobias Enstrom is hit by Derian Hatcher and loses puck.
0:25 of 3rd period - Minor Penalty to Clarke MacArthur for Holding.
0:26 of 3rd period - Teemu Selanne wins face-off versus Jaromir Jagr in Canucks zone.
0:53 of 3rd period - Derian Hatcher is hit by Jamie Langenbrunner and loses puck.
2:25 of 3rd period - Penalty to Clarke MacArthur is over, Clarke MacArthur is back on ice.
2:35 of 3rd period - Off-side.
2:36 of 3rd period - Vince Rocco wins face-off versus Matthew Lombardi in neutral zone.
3:35 of 3rd period - Niklas Kronwall is hit by Mark Streit and loses puck.
3:52 of 3rd period - Slapshot by Ryan Craig.
3:52 of 3rd period - Stopped by Tim Thomas without a rebound.
3:53 of 3rd period - Éric Belanger wins face-off versus Ryan Craig in Blues zone.
3:53 of 3rd period - Minor Penalty to Sheldon Keefe for High sticking.
3:54 of 3rd period - Jaromir Jagr wins face-off versus Travis Zajac in Canucks zone.
4:20 of 3rd period - Mark Streit is hit by Tomas Plekanec and loses puck.
4:39 of 3rd period - Slapshot by Mark Streit.
4:39 of 3rd period - Shot Blocked by Stephane Robidas.
5:53 of 3rd period - Penalty to Sheldon Keefe is over, Sheldon Keefe is back on ice.
5:56 of 3rd period - Icing by Henrik Zetterberg.
5:57 of 3rd period - Tomas Plekanec wins face-off versus Ryan Craig in Blues zone.
5:57 of 3rd period - Tomas Plekanec is hit by Sheldon Keefe.
6:30 of 3rd period - Wrist shot by Vaclav Varada.
6:30 of 3rd period - Stopped by Carey Price without a rebound.
6:31 of 3rd period - Matt Stajan wins face-off versus Travis Zajac in Canucks zone.
6:42 of 3rd period - Slapshot by Joe Callahan.
6:42 of 3rd period - Deflect By Jaromir Jagr.
6:42 of 3rd period - Shot Misses the Net.
6:42 of 3rd period - Puck is out of play.
6:43 of 3rd period - Travis Zajac wins face-off versus Matt Stajan in Blues zone.
6:43 of 3rd period - Travis Zajac is hit by Matt Stajan.
7:09 of 3rd period - Dan Boyle is hit by David Jones.
7:19 of 3rd period - Wrist shot by Rickard Wallin.
7:19 of 3rd period - Stopped by Tim Thomas with a rebound.
7:51 of 3rd period - Slapshot by Tobias Enstrom.
7:51 of 3rd period - Shot Blocked by Janne Niskala.
8:09 of 3rd period - Minor Penalty to Robert Bortuzzo for Slashing.
8:10 of 3rd period - Jaromir Jagr wins face-off versus Travis Zajac in Canucks zone.
8:15 of 3rd period - Slapshot by Clarke MacArthur.
8:15 of 3rd period - Shot Misses the Net.
8:23 of 3rd period - Slapshot by Niklas Kronwall.
8:23 of 3rd period - Stopped by Carey Price without a rebound.
8:24 of 3rd period - Travis Zajac wins face-off versus Jaromir Jagr in Canucks zone.
8:25 of 3rd period - Snap shot by Teemu Selanne.
8:25 of 3rd period - Goal by Teemu Selanne - Canucks : 3 - Blues : 4.
8:26 of 3rd period - Travis Zajac wins face-off versus Matt Stajan in neutral zone.
10:24 of 3rd period - Snap shot by Henrik Zetterberg.
10:24 of 3rd period - Stopped by Carey Price with a rebound.
10:26 of 3rd period - Snap shot by Stephane Robidas.
10:26 of 3rd period - Shot Misses the Net.
10:28 of 3rd period - Slapshot by Stephane Robidas.
10:28 of 3rd period - Goal by Stephane Robidas - Canucks : 3 - Blues : 5.
10:29 of 3rd period - Jaromir Jagr wins face-off versus Travis Zajac in neutral zone.
10:36 of 3rd period - Travis Zajac is hit by Jaromir Jagr.
11:37 of 3rd period - Slapshot by Jaromir Jagr.
11:37 of 3rd period - Shot Misses the Net.
12:04 of 3rd period - Icing by R.J. Umberger.
12:05 of 3rd period - Rickard Wallin wins face-off versus Matthew Lombardi in Blues zone.
12:06 of 3rd period - Snap shot by Chris Higgins.
12:06 of 3rd period - Stopped by Tim Thomas without a rebound.
12:07 of 3rd period - Rickard Wallin wins face-off versus Travis Zajac in Blues zone.
12:37 of 3rd period - Snap shot by Clarke MacArthur.
12:37 of 3rd period - Stopped by Tim Thomas without a rebound.
12:38 of 3rd period - Matt Stajan wins face-off versus Henrik Zetterberg in Blues zone.
12:53 of 3rd period - Snap shot by Matt Stajan.
12:53 of 3rd period - Stopped by Tim Thomas with a rebound.
13:08 of 3rd period - Chris Higgins is hit by Teemu Selanne and loses puck.
13:25 of 3rd period - Snap shot by Matthew Lombardi.
13:25 of 3rd period - Shot Misses the Net.
14:07 of 3rd period - Snap shot by Henrik Zetterberg.
14:07 of 3rd period - Stopped by Carey Price with a rebound.
14:09 of 3rd period - Wrist shot by Tomas Plekanec.
14:09 of 3rd period - Shot Misses the Net.
14:23 of 3rd period - Travis Zajac is hit by Masi Marjamaki and loses puck.
14:38 of 3rd period - Tobias Enstrom is hit by Marco Sturm and loses puck.
15:17 of 3rd period - Snap shot by Henrik Zetterberg.
15:17 of 3rd period - Stopped by Carey Price with a rebound.
15:19 of 3rd period - Backhand shot by Jamie Langenbrunner.
15:19 of 3rd period - Stopped by Carey Price without a rebound.
15:20 of 3rd period - Rickard Wallin wins face-off versus Matthew Lombardi in Canucks zone.
15:20 of 3rd period - Rickard Wallin is hit by Matthew Lombardi.
15:36 of 3rd period - Jamie Langenbrunner is hit by Mark Streit.
15:40 of 3rd period - Snap shot by Ryan Craig.
15:40 of 3rd period - Shot Blocked by Jamie Langenbrunner.
15:53 of 3rd period - Minor Penalty to Paul Kariya for Tripping.
15:53 of 3rd period - Minor Penalty to Robert Bortuzzo for Hooking.
15:54 of 3rd period - Tomas Plekanec wins face-off versus Jaromir Jagr in Blues zone.
17:07 of 3rd period - Icing by Mark Streit.
17:08 of 3rd period - Jaromir Jagr wins face-off versus Éric Belanger in Canucks zone.
17:10 of 3rd period - Icing by Mark Streit.
17:11 of 3rd period - Éric Belanger wins face-off versus Jaromir Jagr in Canucks zone.
17:22 of 3rd period - Slapshot by Dan Boyle.
17:22 of 3rd period - Deflect By Henrik Zetterberg.
17:22 of 3rd period - Shot Misses the Net.
17:22 of 3rd period - Puck is out of play.
17:23 of 3rd period - Jaromir Jagr wins face-off versus R.J. Umberger in Canucks zone.
17:37 of 3rd period - Snap shot by Tomas Plekanec.
17:37 of 3rd period - Stopped by Carey Price without a rebound.
17:38 of 3rd period - Clarke MacArthur wins face-off versus Tomas Plekanec in Canucks zone.
17:45 of 3rd period - Stephane Robidas is hit by Clarke MacArthur and loses puck.
17:53 of 3rd period - Penalty to Paul Kariya is over, Paul Kariya is back on ice.
17:53 of 3rd period - Penalty to Robert Bortuzzo is over, Robert Bortuzzo is back on ice.
17:53 of 3rd period - Icing by Derian Hatcher.
17:54 of 3rd period - Travis Zajac wins face-off versus Clarke MacArthur in Canucks zone.
18:07 of 3rd period - Wrist shot by Teemu Selanne.
18:07 of 3rd period - Stopped by Carey Price with a rebound.
18:09 of 3rd period - Wrist shot by Paul Kariya.
18:09 of 3rd period - Stopped by Carey Price with a rebound.
18:25 of 3rd period - Snap shot by Sheldon Keefe.
18:25 of 3rd period - Shot Misses the Net.
18:27 of 3rd period - Snap shot by Mark Streit.
18:27 of 3rd period - Shot Blocked by Dan Boyle.
18:29 of 3rd period - Slapshot by Mark Streit.
18:29 of 3rd period - Shot Blocked by Tobias Enstrom.
18:43 of 3rd period - Slapshot by Henrik Zetterberg.
18:43 of 3rd period - Shot Misses the Net.
19:01 of 3rd period - Teemu Selanne is hit by Matt Stajan and loses puck.


Output by the SimonT Hockey Simulator (STHS) for François Prévost -- Original Page W3C XHTML 1.0 Valid
Hockey Simulator - Hockey Simulation - Hockey Manager